 Dungeon Sprint DCSS version 0.31-a0-325-g067879e3d3 (webtiles) character file.

Game seed: 11858997354901958231

525565 HallandMoats the End of an Era (level 20, 168/197 HPs)
             Began as a Demonspawn Monk on July 19, 2023.
             Was the Champion of Qazlal.
             Escaped with the Orb!
             The game lasted 00:33:23 (8946 turns).

HallandMoats the End of an Era (Demonspawn Monk)    Turns: 8946, Time: 00:33:23

Health: 168/197    AC: 40    Str: 22    XL:     20   Next: 15%
Magic:  37/37      EV: 18    Int: 16    God:    Qazlal [******]
Gold:   0          SH: 51    Dex: 27    Spells: 19/19 levels left

rFire   + . .        x - +16 obsidian axe {drain, demonic, Mesm Drain Fly SInv}
rCold   + + .        y - +18 shield of the Gong {Loud rN+ Will+ rCorr EV-5}
rNeg    + + .        k - +12 gold dragon scales
rPois   +            (helmet unavailable)
rElec   .            K - +0 cloak
rCorr   +            (gloves unavailable)
SInv    +            (boots unavailable)
Will    +++..        L - macabre finger necklace {Finger+ rN+} Stlth
                     T - ring "Tuxutti" {Int+4 Dex+4 Slay+4 Stlth+}
HPRegen 0.52/turn    P - ring of Seaxohom {rC+ Will+ rCorr}
MPRegen 0.25/turn    D - ring of Optimism {Str+6 Dex+5}

%: no teleportation, repel missiles
@: flying, studying 3 skills
A: antennae 3, hooves 3, demonic guardian 3, condensation shield, corrupting
presence 1, demonic touch 3, weak 1, subdued magic 1
0: Orb of Zot
a: Renounce Religion, Upheaval, Elemental Force, Disaster Area


You escaped.
You worshipped Qazlal.
Qazlal was exalted by your worship.
You visited 1 branch

Inventory:

Hand Weapons
 x - the +16 obsidian axe (weapon) {drain, demonic, Mesm Drain Fly SInv}
   (You found it in the Dungeon)

   Mesm:      Its wielder is mesmerised by any visible foes, and it cannot be
   unequipped while any foes are visible.
   SInv:      It lets you see invisible.
   Fly:       It grants you flight.
   Drain:     It drains your maximum health when unequipped.
 J - the +5 demon whip "Spellbinder" {antimagic, disrupt, Will+}
   (You found it in the Dungeon)

   Will:      It increases your willpower.
 M - the +7 Spriggan's Knife {stab, EV+4 Stlth+}
   (You found it in the Dungeon)

   Stab:      It is more effective when stabbing unaware enemies, sometimes
   treating them as though they were completely helpless.
   EV:        It affects your evasion (+4).
   Stlth:     It makes you more stealthy.
 O - the +5 Lochaber axe {reach-cleave, Poleaxe Drain}
   (You found it in the Dungeon)

   Poleaxe:   It uses either Axes or Polearms skill, whichever is higher.
   Drain:     It drains your maximum health when unequipped.
 W - the +8 demon trident "Rift" {distort, reach+}
   (You took it off a deep elf annihilator in the Dungeon)
 X - the +5 glaive of the Guard {elec, spectral, AC+5}
   (You found it in the Dungeon)

   AC:        It affects your AC (+5).
 Y - the +2 Maxwell's thermic engine {flame, freeze, rev}
   (You found it in the Dungeon)
Armour
 k - +12 gold dragon scales (worn)
 o - the +0 mask of the Dragon {Will+ Slay+3 SInv}
   (You found it in the Dungeon)

   Slay:      It affects your accuracy & damage with ranged weapons and melee
   (+3).
   SInv:      It lets you see invisible.
   Will:      It increases your willpower.
 y - the +18 shield of the Gong (worn) {Loud rN+ Will+ rCorr EV-5}
   (You found it in the Dungeon)

   Loud:      It is deafeningly noisy when blocking attacks.
   EV:        It affects your evasion (-5).
   rN:        It protects you from negative energy.
   rCorr:     It protects you from acid and corrosion.
   Will:      It increases your willpower.
 C - the crystal ball of Wucad Mu {*channel}
   (You found it in the Dungeon)

   *Channel:  It often returns the magic spent to cast spells, but lowers their
   success rate.
   It always returns the magic spent on miscasts.
 K - a +0 cloak (worn)
Jewellery
 a - the amulet "Cupry" {Regen+ Str+2 Int+5 Stlth-}
   (You found it in the Dungeon)

   [amulet of regeneration]

   Str:       It affects your strength (+2).
   Int:       It affects your intelligence (+5).
   Regen:     It increases your rate of health regeneration.
   Stlth:     It makes you less stealthy.
 D - the ring of Optimism (on amulet) {Str+6 Dex+5}
   (You took it off a frost giant in the Dungeon)

   [ring of strength]

   Str:       It affects your strength (+6).
   Dex:       It affects your dexterity (+5).
 E - an amulet of guardian spirit
 F - the amulet "Goozanno" {Faith Str+3 Slay+6}
   (You found it in the Dungeon)

   [amulet of faith]

   It allows you to gain divine favour quickly.
   Str:       It affects your strength (+3).
   Slay:      It affects your accuracy & damage with ranged weapons and melee
   (+6).
 L - the macabre finger necklace (around neck) {Finger+ rN+}
   (You found it in the Dungeon)

   [amulet of nothing]

   Finger+:   It enables you to equip an extra ring.
   rN:        It protects you from negative energy.
 N - the ring of Tayb {rF+ Dex+3}
   (You took it off a deep elf zephyrmancer in the Dungeon)

   [ring of protection from fire]

   Dex:       It affects your dexterity (+3).
   rF:        It protects you from fire.
 P - the ring of Seaxohom (right hand) {rC+ Will+ rCorr}
   (You took it off a deep elf annihilator in the Dungeon)

   [ring of resist corrosion]

   rC:        It protects you from cold.
   rCorr:     It protects you from acid and corrosion.
   Will:      It increases your willpower.
 T - the ring "Tuxutti" (left hand) {Int+4 Dex+4 Slay+4 Stlth+}
   (You found it in the Dungeon)

   [ring of slaying]

   Int:       It affects your intelligence (+4).
   Dex:       It affects your dexterity (+4).
   Slay:      It affects your accuracy & damage with ranged weapons and melee
   (+4).
   Stlth:     It makes you more stealthy.
Talismans
 H - a granite talisman
Wands
 b - a wand of digging (19)
 d - a wand of flame (58)
 u - a wand of mindburst (63)
 v - a wand of iceblast (60)
 w - a wand of acid (39)
 A - a wand of polymorph (35)
 B - a wand of charming (63)
Scrolls
 j - 4 scrolls of blinking
 q - 4 scrolls of amnesia
 r - 9 scrolls of fog
 s - 5 scrolls of identify
 t - 2 scrolls of fear
 z - 6 scrolls of brand weapon
 G - 9 scrolls of enchant armour
Potions
 c - a potion of ambrosia
 e - 10 potions of curing
 f - 18 potions of heal wounds
 g - 7 potions of haste
 h - 5 potions of magic
 i - 3 potions of berserk rage
 l - 2 potions of brilliance
 m - 2 potions of invisibility
 n - 4 potions of resistance
 p - 6 potions of might
Miscellaneous
 I - a phantom mirror


   Skills:
 O Level 27 Fighting
 O Level 27 Axes
 O Level 27 Armour
 O Level 27 Dodging
 O Level 27 Shields
 O Level 27 Invocations
 + Level 26.4 Shapeshifting


You had 19 spell levels left.
You didn't know any spells.
Your spell library contained the following spells:

 Spells                   Type           Power      Damage    Failure   Level
 Apportation              Tloc           0%         N/A       90%         1
 Foxfire                  Conj/Fire      0%         2x1d4     90%         1
 Freeze                   Ice            0%         1d3       90%         1
 Kiss of Death            Conj/Necr      0%         2d5       90%         1
 Magic Dart               Conj           0%         1d3       90%         1
 Necrotise                Necr           0%         1d4       90%         1
 Sandblast                Erth           0%         2d4       90%         1
 Shock                    Conj/Air       0%         1d3       90%         1
 Slow                     Hex            0%         N/A       90%         1
 Sting                    Tmut/Pois      0%         1d3       90%         1
 Summon Small Mammal      Summ           0%         N/A       90%         1
 Blink                    Tloc           0%         N/A       97%         2
 Call Imp                 Summ           0%         N/A       97%         2
 Ensorcelled Hibernation  Hex/Ice        0%         N/A       97%         2
 Lesser Beckoning         Tloc           0%         N/A       97%         2
 Momentum Strike          Conj/Tloc      0%         3d8       97%         2
 Passwall                 Tmut/Erth      0%         N/A       97%         2
 Poisonous Vapours        Pois/Air       0%         N/A       97%         2
 Scorch                   Fire           0%         2d5       97%         2
 Searing Ray              Conj           0%         2d4       97%         2
 Static Discharge         Conj/Air       0%         2-2/arc   97%         2
 Sublimation of Blood     Necr           0%         N/A       97%         2
 Wereblood                Tmut           0%         N/A       97%         2
 Call Canine Familiar     Summ           0%         N/A       99%         3
 Confusing Touch          Hex            0%         N/A       99%         3
 Dazzling Flash           Conj/Hex       0%         N/A       99%         3
 Frozen Ramparts          Ice            0%         1d1       99%         3
 Hailstorm                Conj/Ice       0%         3d3       99%         3
 Ignite Poison            Fire/Tmut/Pois 0%         N/A       99%         3
 Inner Flame              Hex/Fire       0%         N/A       99%         3
 Mephitic Cloud           Conj/Pois/Air  0%         N/A       99%         3
 Ozocubu's Armour         Ice            0%         N/A       99%         3
 Portal Projectile        Hex/Tloc       0%         N/A       99%         3
 Stone Arrow              Conj/Erth      0%         3d7       99%         3
 Summon Guardian Golem    Hex/Summ       0%         N/A       99%         3
 Swiftness                Air            0%         N/A       99%         3
 Tukima's Dance           Hex            0%         N/A       99%         3
 Vampiric Draining        Necr           0%         2d6       99%         3
 Vhi's Electric Charge    Tloc/Air       0%         N/A       99%         3
 Volatile Blastmotes      Fire/Tloc      0%         2d10      99%         3
 Airstrike                Air            0%         2d(0-16)  100%        4
 Anguish                  Hex/Necr       0%         N/A       100%        4
 Animate Armour           Summ/Erth      0%         N/A       100%        4
 Animate Dead             Necr           0%         N/A       100%        4
 Dispel Undead            Necr           0%         3d6       100%        4
 Flame Wave               Conj/Fire      0%         2d4       100%        4
 Fulminant Prism          Conj/Hex       0%         3d5       100%        4
 Iskenderun's Mystic Bla  Conj/Tloc      0%         2d3       100%        4
 Leda's Liquefaction      Hex/Erth       0%         N/A       100%        4
 Manifold Assault         Tloc           0%         N/A       100%        4
 Olgreb's Toxic Radiance  Pois           0%         N/A       100%        4
 Passage of Golubria      Tloc           0%         N/A       100%        4
 Sticky Flame             Conj/Fire      0%         2d3       100%        4
 Summon Lightning Spire   Summ/Air       0%         N/A       100%        4
 Agony                    Necr           0%         N/A       100%        5
 Alistair's Intoxication  Tmut/Pois      0%         N/A       100%        5
 Arcjolt                  Conj/Air       0%         1d10      100%        5
 Irradiate                Conj/Tmut      0%         3d11      100%        5
 Lee's Rapid Deconstruct  Erth           0%         3d4*      100%        5
 Silence                  Hex/Air        0%         N/A       100%        5
 Summon Forest            Summ/Tloc      0%         N/A       100%        5
 Summon Mana Viper        Hex/Summ       0%         N/A       100%        5
 Yara's Violent Unravell  Hex/Tmut       0%         3d3       100%        5
 Death Channel            Necr           0%         N/A       100%        6
 Dispersal                Tloc           0%         N/A       100%        6
 Leda's Unmaking          Conj/Erth      0%         9d1       100%        6
 Plasma Beam              Fire/Air       0%         2x1d10    100%        6
 Simulacrum               Ice/Necr       0%         N/A       100%        6
 Starburst                Conj/Fire      0%         6d3       100%        6
 Summon Cactus Giant      Summ           0%         N/A       100%        6
 Enfeeble                 Hex            0%         N/A       100%        7
 Haunt                    Necr/Summ      0%         N/A       100%        7
 Summon Hydra             Summ           0%         N/A       100%        7
 Discord                  Hex            0%         N/A       100%        8
 Disjunction              Tloc           0%         N/A       100%        8
 Ignition                 Fire           0%         3d3       100%        8
 Infestation              Necr           0%         N/A       100%        8
 Lehudib's Crystal Spear  Conj/Erth      0%         10d2      100%        8
 Maxwell's Capacitive Co  Air            0%         ∞         100%        8
 Summon Horrible Things   Summ           0%         N/A       100%        8
 Fire Storm               Conj/Fire      0%         5d1       100%        9


Dungeon Overview and Level Annotations

Branches:
Dungeon (1/1)

Altars:
Ashenzari
Cheibriados
Dithmenos
Fedhas
Gozag
Hepliaklqana
Kikubaaqudgha
Makhleb
Nemelex Xobeh
Okawaru
Qazlal
Ru
Sif Muna
Trog
Uskayaw
Vehumet
Wu Jian
Xom
Yredelemnul
Jiyva
Lugonu


Innate Abilities, Weirdness & Mutations

You have a pair of large antennae on your head. (SInv)
You have hooves in place of feet.
A powerful demonic guardian rushes to your aid.
A meltable shield of frost defends you. (SH +4)
Your presence sometimes corrodes those you injure.
Your touch may irresistibly damage your foes and sap their willpower.
You are weak. (Str -2)
Your spells are a little easier to cast, but a little less powerful.


Message History

You slice the cacodemon!! You kick the cacodemon.
The cacodemon is severely wounded.
You slash the sixfirhy!
You kill the sixfirhy!
Qazlal accepts your kill.
Unknown command.
You slash the cacodemon!
You kick the cacodemon, but do no damage.
The cacodemon is almost dead.
The orange demon is engulfed in freezing vapours.
You block the orange demon's attack.
BONNNG!
The cacodemon gestures at you.
Strange energies course through your body.
Your connection to magic feels subdued.
You closely miss the cacodemon. You kick the cacodemon!
You are no longer entranced.
You kill the cacodemon!
Qazlal accepts your kill.
Visions of slaying the orange demon flood into your mind.
The orange demon is engulfed in freezing vapours.
You block the orange demon's attack.
GONNNNG!
The orange demon is engulfed in freezing vapours.
You block the orange demon's attack.
GONNNNG!
You block the orange demon's attack.
GONNNNG!
You slice the orange demon!! You open a gate to Pandemonium!
A demon appears!
You break out of your daze!
You kill the orange demon!
Qazlal accepts your kill.
There is a staircase leading out of the dungeon, spattered with blood here.
You start resting.
Your sixfirhy is engulfed in blazing flames. x7
You can't go down here!
Your sixfirhy is engulfed in blazing flames. x6
You kill your sixfirhy!
Your sixfirhy disappears in a puff of smoke!
You have escaped!

..)))..(|...▓..▓.......▓..▓...8©8
...)).[.....▓.▓▓▓{....▓▓▓.▓...)[=
)..).|......▓{.▓..{...{▓..▓..):..
..[.).......▓{{{..........▓......
............▓.{....©......▓...)))
............▓▓▓▓▓▓▓▓▓▓▓▓▓▓▓...)..
▓.......▓...▓8888888888888▓...)..
.▓.....▓.▓..▓8).)).......8▓..▓...
▓.......▓...▓8.)@°)..)©..8▓.▓....
............▓8).)☼.......8▓....©.
....©....{..▓8888888888888▓▓▓▓▓▓▓
▓▓▓▓▓▓▓▓▓▓▓▓▓▓▓▓▓▓▓▓▓▓▓▓▓▓▓▓▓▓▓▓▓
.....8©8)..)...{▓{......[8©8.....
:[(")):|...){{.{▓.[)|)..|.=[)))|)
).).:..)....)(|.▓.{|{).)......)..
(.()(()..{{..({.▓{)|{{){.{)....[.
))))(..).)...(..▓..)...).....)...


There were no monsters in sight!

Vanquished Creatures
  A dread lich (D)
  A shard shrike (D)
  A caustic shrike (shapeshifter) (D)
  A golden dragon (shapeshifter) (D)
  8 electric golems (D)
  3 Brimstone Fiends (D)
  A lich (D)
  An Ice Fiend (D)
  11 hellephants (D)
  2 Hell Sentinels (D)
  7 Orb Guardians (D)
  6 deep elf blademasters (D)
  12 deep elf master archers (D)
  19 searing wretches (D)
  5 acid blobs (D)
  10 titans (D)
  3 Executioners (D)
  3 rockslimes (shapeshifter) (D)
  A shadow dragon (D)
  5 rockslimes (D)
  10 storm dragons (D)
  A daeva (D)
  5 azure jellies (D)
  A demonspawn warmonger (D)
  11 fire giants (D)
  A nargun (D)
  10 frost giants (D)
  14 deep elf sorcerers (D)
  A draconian stormcaller (D)
  An iron dragon (D)
  A draconian scorcher (D)
  A deep elf elementalist (D)
  An angel (D)
  13 balrugs (D)
  3 orc warlords (D)
  3 cacodemons (D)
  11 stone giants (D)
  3 reapers (D)
  A demonspawn corrupter (D)
  A vampire knight (D)
  5 green draconians (D)
  A lorocyproca (D)
  2 yellow draconians (D)
  2 white draconians (D)
  6 black draconians (D)
  14 deep elf annihilators (D)
  6 wendigos (D)
  3 red draconians (D)
  5 purple draconians (D)
  7 ettins (D)
  2 crystal guardians (D)
  3 green deaths (D)
  2 iron golems (D)
  12 deep elf high priests (D)
  3 great orbs of eyes (D)
  4 spriggan air magi (D)
  A salamander tyrant (D)
  A hell beast (D)
  An alligator snapping turtle (shapeshifter) (D)
  2 stokers (D)
  A two-headed ogre (D)
  An alligator (shapeshifter) (D)
  7 dancing weapons (D)
  3 hell hogs (D)
  A death yak (D)
  A shock serpent (shapeshifter) (D)
  4 deep elf knights (D)
  3 sun demons (D)
  2 soul eaters (D)
  2 skysharks (shapeshifter) (D)
  2 skeletal warriors (D)
  6 sixfirhies (D)
  A sea snake (shapeshifter) (D)
  A skyshark (D)
  2 glowing orange brains (shapeshifter) (D)
  2 glowing orange brains (D)
  2 shadow demons (D)
  10 deep elf archers (D)
  A swamp dragon (shapeshifter) (D)
  9 deep elf pyromancers (D)
  6 deep elf zephyrmancers (D)
  2 shining eyes (D)
  7 orc knights (D)
  A shining eye (shapeshifter) (D)
  A mana viper (shapeshifter) (D)
  2 ugly things (D)
  2 orc sorcerers (D)
  15 cyclopes (D)
  A wolf spider (shapeshifter) (D)
  A moth of wrath (shapeshifter) (D)
  4 draconians (D)
  A cyclops (shapeshifter) (D)
  A water nymph (shapeshifter) (D)
  3 smoke demons (D)
  4 eyes of devastation (D)
  5 orange demons (D)
  A gargoyle (D)
  5 hellions (D)
  6 tormentors (D)
  A rime drake (shapeshifter) (D)
  A komodo dragon (D)
  4 freezing wraiths (D)
  2 rime drakes (D)
  A yaktaur (shapeshifter) (D)
  4 merfolk (D)
  A merfolk (shapeshifter) (D)
  2 trolls (D)
  2 hellwings (D)
  2 trolls (shapeshifter) (D)
  8 wind drakes (D)
  A wind drake (shapeshifter) (D)
  A blink frog (D)
  A jumping spider (shapeshifter) (D)
  A culicivora (shapeshifter) (D)
  15 slime creatures (D)
  A shadow (D)
  7 air elementals (D)
  A wyvern (D)
  3 yaks (D)
  3 water elementals (D)
  A golden eye (D)
  A chaos spawn (D)
  2 basilisks (D)
  2 large abominations (D)
  A warg (D)
  2 floating eyes (shapeshifter) (D)
  6 orc warriors (D)
  2 wolves (D)
  2 ogres (D)
  A phantom (D)
  7 earth elementals (D)
  3 bullfrogs (D)
  2 necrophages (D)
  3 wights (D)
  5 jellies (D)
  3 orc priests (D)
  2 orc wizards (D)
  A river rat (D)
  7 adder simulacra (D)
  3 bat skeletons (D)
  A bat zombie (D)
  An endoplasm (D)
  A jackal (D)
  5 ball python simulacra (D)
  A ball python zombie (D)
  6 bat simulacra (D)
  A giant cockroach zombie (D)
  3 jackal simulacra (D)
  A jackal skeleton (D)
  2 quokka simulacra (D)
  A quokka zombie (D)
  A spectral quokka (D)
  3 creeping infernos (D)
  11 fire vortices (D)
561 creatures vanquished.

Vanquished Creatures (collateral kills)
  A Brimstone Fiend (D)
  A pandemonium lord (D)
  2 titans (D)
  A cacodemon (D)
  A stone giant (D)
  A demonspawn blood saint (D)
  A demonspawn corrupter (D)
  2 iron golems (D)
  A shadow demon (D)
  A deep elf archer (D)
  A deep elf pyromancer (D)
  2 komodo dragons (D)
  A yak (D)
  A wyvern (D)
  3 water moccasins (D)
  2 orc warriors (D)
  An earth elemental (D)
  A wight (D)
  An orc priest (D)
  An iguana (D)
  2 orc wizards (D)
  An adder (D)
  A river rat (D)
  An orc (D)
  A ball python (D)
  3 jackals (D)
35 creatures vanquished.

Vanquished Creatures (others)
  A pandemonium lord (D)
  A Brimstone Fiend (D)
  3 searing wretches (D)
  2 sixfirhies (D)
  7 large abominations (D)
  3 smoke demons (D)
  An orange demon (D)
  2 red devils (D)
  6 golden eyes (D)
  A chaos spawn (D)
  A neqoxec (D)
  3 small abominations (D)
  A crimson imp (D)
32 creatures vanquished.

Grand Total: 628 creatures vanquished

Notes
Turn   | Place    | Note
-------+----------+-------------------------------------------
     0 | D        | HallandMoats the Demonspawn Monk began the quest for the
                  | Orb.
     0 | D        | Reached XP level 1. HP: 18/18 MP: 1/1
    14 | D        | Found a blossoming altar of Fedhas.
    14 | D        | Found the +6 Majin-Bo {spellvamp, MP+6 Int+6}
    14 | D        | Found the +27 heavy crossbow "Sniper" {heavy, Acc+∞ SInv}
    14 | D        | Found the +10 dark maul {heavy}
    14 | D        | Found the +15 Maxwell's patent armour {-Cast -Tele rElec
                  | Will+ rCorr}
    14 | D        | Found the +18 shield of the Gong {Loud rN+ Will+ rCorr
                  | EV-5}
    14 | D        | Found the +16 obsidian axe {drain, demonic, Mesm Drain Fly
                  | SInv}
    14 | D        | Found the +7 great mace "Firestarter" {flame, immolate,
                  | rFlCloud rF++}
    14 | D        | Found the +6 shillelagh "Devastator" {shatter}
    14 | D        | Found the +11 plutonium sword {Contam Stlth-}
    14 | D        | Found the +8 lance "Wyrmbane" {slay drac, rPois rF+ rC+
                  | AC+3}
    14 | D        | Found the +9 sword of Zonguldrok {reap}
    14 | D        | Found the +13 scythe of Curses {drain, curses, Drain}
    14 | D        | Found the +9 sword of Power {lifebolt}
    14 | D        | Found the +7 mace of Variability {chaos, chaos arc}
    14 | D        | Found the +11 Singing Sword {sonic wave}
    14 | D        | Found the +8 storm bow {elec, penet}
    15 | D        | Found a shimmering blue altar of Sif Muna.
    15 | D        | Found a sacrificial altar of Ru.
    15 | D        | Found a bloodstained altar of Trog.
    15 | D        | Found a stormy altar of Qazlal.
    15 | D        | Found an iron altar of Okawaru.
    15 | D        | Found a sparkling altar of Nemelex Xobeh.
    17 | D        | Found a transporter.
    17 | D        | Found an ancient bone altar of Kikubaaqudgha.
    17 | D        | Found a viscous altar of Jiyva.
    17 | D        | Found a corrupted altar of Lugonu.
    17 | D        | Found a hazy altar of Hepliaklqana.
    17 | D        | Found a burning altar of Makhleb.
    17 | D        | Found an opulent altar of Gozag.
    43 | D        | Became a worshipper of Qazlal Stormbringer
    43 | D        | Reached * piety under Qazlal
    43 | D        | Reached ** piety under Qazlal
    65 | D        | Reached skill level 5 in Fighting
    65 | D        | Discovered your monstrous ancestry.
    65 | D        | Gained mutation: You have large cloven feet. [demonic
                  | ancestry]
    65 | D        | Reached XP level 2. HP: 27/27 MP: 1/6
   115 | D        | Entered arena 2.
   115 | D        | Noticed a wight
   115 | D        | Noticed a phantom
   115 | D        | Found a transporter.
   117 | D        | Killed a phantom
   118 | D        | Reached skill level 1 in Armour
   118 | D        | Reached skill level 1 in Shields
   118 | D        | Gained mutation: Your touch may inflict minor irresistible
                  | damage on your foes. [demonic ancestry]
   118 | D        | Reached XP level 3. HP: 24/34 MP: 6/8
   118 | D        | Reached XP level 4. HP: 29/40 MP: 7/10
   122 | D        | Got the amulet "Cupry" {Regen+ Str+2 Int+5 Stlth-}
   143 | D        | Entered arena 3.
   143 | D        | Found a transporter.
   146 | D        | Reached *** piety under Qazlal
   147 | D        | Reached skill level 10 in Invocations
   147 | D        | Gained mutation: Your touch may inflict irresistible damage
                  | on your foes. [demonic ancestry]
   147 | D        | Reached XP level 5. HP: 44/48 MP: 10/12
   203 | D        | Entered arena 4.
   203 | D        | Noticed a water moccasin
   203 | D        | Noticed a water moccasin
   203 | D        | Found a transporter.
   204 | D        | Killed a water moccasin
   205 | D        | Gained mutation: You have hoof-like feet. [demonic
                  | ancestry]
   205 | D        | Reached XP level 6. HP: 48/56 MP: 14/14
   205 | D        | Killed a water moccasin
   206 | D        | Reached skill level 5 in Axes
   207 | D        | Reached **** piety under Qazlal
   217 | D        | Entered arena 5.
   217 | D        | Noticed a deep elf pyromancer
   217 | D        | Noticed a deep elf archer
   217 | D        | Noticed a deep elf pyromancer
   217 | D        | Found a transporter.
   219 | D        | Killed a deep elf pyromancer
   220 | D        | Reached skill level 5 in Dodging
   220 | D        | Reached XP level 7. HP: 53/64 MP: 14/16
   223 | D        | Reached skill level 5 in Armour
   223 | D        | Killed a deep elf pyromancer
   224 | D        | Reached skill level 10 in Fighting
   224 | D        | Reached skill level 5 in Shields
   224 | D        | Gained mutation: A weak demonic guardian rushes to your
                  | aid. [demonic ancestry]
   224 | D        | Reached XP level 8. HP: 61/72 MP: 15/18
   224 | D        | Killed a deep elf archer
   230 | D        | Got the ring of Joseriss {Fire Drain Fly Dex+3 Stlth+}
   233 | D        | Got Luad's Beginning Witchcraft
   236 | D        | Entered arena 6.
   236 | D        | Reached ***** piety under Qazlal
   236 | D        | Found a transporter.
   251 | D        | Entered arena 7.
   251 | D        | Found the +0 mask of the Dragon {Will+ Slay+3 SInv}
   252 | D        | Found a transporter.
   253 | D        | Reached XP level 9. HP: 81/81 MP: 19/19
   254 | D        | Reached ****** piety under Qazlal
   272 | D        | Entered arena 8.
   273 | D        | Found a transporter.
   277 | D        | Reached skill level 15 in Invocations
   285 | D        | Got the Cyclopedia of Necromancy
   291 | D        | Entered arena 9.
   291 | D        | Noticed a merfolk
   291 | D        | Noticed a wind drake
   291 | D        | Noticed a merfolk
   291 | D        | Noticed a wind drake
   291 | D        | Noticed a merfolk
   291 | D        | Noticed a merfolk
   291 | D        | Noticed a cyclops
   292 | D        | Found a transporter.
   293 | D        | Killed a merfolk
   293 | D        | Killed a wind drake
   293 | D        | Killed a merfolk
   293 | D        | Killed a wind drake
   297 | D        | Killed a cyclops
   298 | D        | Killed a merfolk
   299 | D        | Gained mutation: You have a pair of small antennae on your
                  | head. [demonic ancestry]
   299 | D        | Reached XP level 10. HP: 67/90 MP: 13/22
   323 | D        | Entered arena 10.
   323 | D        | Noticed a purple ugly thing
   323 | D        | Noticed a red ugly thing
   323 | D        | Noticed a shining eye
   324 | D        | Found a transporter.
   325 | D        | Killed a red ugly thing
   325 | D        | Killed a purple ugly thing
   325 | D        | Killed a shining eye
   341 | D        | Entered arena 11.
   341 | D        | Noticed a green draconian
   341 | D        | Noticed a red draconian
   341 | D        | Noticed a draconian
   341 | D        | Noticed a draconian
   341 | D        | Noticed a yellow draconian
   341 | D        | Noticed a yellow draconian
   341 | D        | Noticed a draconian
   341 | D        | Noticed a green draconian
   341 | D        | Noticed a draconian
   342 | D        | Found a transporter.
   349 | D        | Killed a red draconian
   351 | D        | Killed a draconian
   351 | D        | Killed a green draconian
   352 | D        | Reached XP level 11. HP: 65/100 MP: 14/24
   353 | D        | Killed a yellow draconian
   354 | D        | Killed a green draconian
   359 | D        | Killed a yellow draconian
   365 | D        | Got the Tome of Transformation and Peregrination
   396 | D        | Entered arena 12.
   396 | D        | Noticed a soul eater
   396 | D        | Noticed a soul eater
   397 | D        | Noticed a shadow dragon
   398 | D        | Found a transporter.
   402 | D        | Killed a soul eater
   403 | D        | Reached skill level 15 in Fighting
   403 | D        | Reached skill level 10 in Axes
   408 | D        | Killed a soul eater
   411 | D        | Killed a shadow dragon
   425 | D        | Entered arena 13.
   425 | D        | Noticed a skeletal warrior
   425 | D        | Noticed a vampire knight
   425 | D        | Noticed a skeletal warrior
   427 | D        | Found a transporter.
   432 | D        | Killed a skeletal warrior
   433 | D        | Reached skill level 10 in Dodging
   436 | D        | Killed a skeletal warrior
   437 | D        | Reached skill level 10 in Armour
   437 | D        | Killed a vampire knight
   609 | D        | Entered arena 14.
   609 | D        | Noticed a shard shrike
   609 | D        | Noticed a wendigo
   610 | D        | Noticed a frost giant
   610 | D        | Paralysed by a wendigo for 1 turns
   611 | D        | Killed a wendigo
   612 | D        | Reached skill level 10 in Shields
   612 | D        | Gained mutation: A demonic guardian rushes to your aid.
                  | [demonic ancestry]
   612 | D        | Reached XP level 12. HP: 105/111 MP: 17/26
   612 | D        | Killed a shard shrike
   614 | D        | Found a transporter.
   618 | D        | Killed a frost giant
   632 | D        | Entered arena 15.
   632 | D        | Noticed a wendigo
   632 | D        | Noticed an Ice Fiend
   632 | D        | Noticed a dread lich
   633 | D        | Noticed a wendigo
   633 | D        | Noticed a wendigo
   634 | D        | Killed a wendigo
   634 | D        | Killed a wendigo
   634 | D        | Killed a wendigo
   635 | D        | Killed an Ice Fiend
   635 | D        | Killed a dread lich
   636 | D        | Gained mutation: A powerful demonic guardian rushes to your
                  | aid. [demonic ancestry]
   636 | D        | Reached XP level 13. HP: 122/122 MP: 6/28
   636 | D        | Found the +10 zealot's sword {holy, Zealotry, *Rage rN+
                  | EV+3}
   637 | D        | Found a transporter.
   656 | D        | Got the amulet "Goozanno" {Faith Str+3 Slay+6}
   741 | D        | Entered arena 16.
   742 | D        | Noticed a rockslime
   742 | D        | Gained mutation: You are weak. (Str -2) [a shining eye]
   744 | D        | Killed a rockslime
   745 | D        | Found a transporter.
   759 | D        | Got the Almanac of the Mantle and Calefaction
   773 | D        | Entered arena 17.
   775 | D        | Noticed a stone giant
   775 | D        | Noticed a crystal guardian
   775 | D        | Noticed a crystal guardian
   775 | D        | Noticed an iron golem
   776 | D        | Noticed an iron dragon
   776 | D        | Noticed an iron golem
   776 | D        | Noticed an iron golem
   776 | D        | Noticed a stone giant
   777 | D        | Killed a crystal guardian
   777 | D        | Killed a stone giant
   777 | D        | Killed a stone giant
   777 | D        | Noticed an iron golem
   778 | D        | Killed a crystal guardian
   778 | D        | Killed an iron dragon
   785 | D        | Killed an iron golem
   786 | D        | Found a transporter.
   790 | D        | Killed an iron golem
   798 | D        | Killed an iron golem
   801 | D        | Killed an iron golem
   820 | D        | Got the Atlas of the Altered Tropics
   854 | D        | Entered arena 18.
   873 | D        | Found a transporter.
   901 | D        | Entered arena 19.
   903 | D        | Noticed a green draconian
   903 | D        | Noticed a white draconian
   903 | D        | Noticed a black draconian
   903 | D        | Noticed a white draconian stormcaller
   903 | D        | Noticed a purple draconian
   903 | D        | Noticed a green draconian
   903 | D        | Noticed a purple draconian
   903 | D        | Noticed a white draconian
   904 | D        | Noticed a black draconian
   904 | D        | Noticed a black draconian
   904 | D        | Noticed a purple draconian
   904 | D        | Noticed a red draconian scorcher
   904 | D        | Noticed a black draconian
   904 | D        | Noticed a green draconian
   904 | D        | Noticed a black draconian
   904 | D        | Noticed a purple draconian
   904 | D        | Identified the +3 great sword of Victory {flame, Will+}
   904 | D        | Noticed a purple draconian
   904 | D        | Identified the +6 short sword of Gluttony {spect, rPois rC+
                  | rN+ Dex+4}
   904 | D        | Noticed a red draconian
   904 | D        | Noticed a black draconian
   905 | D        | Killed a white draconian stormcaller
   905 | D        | Killed a black draconian
   905 | D        | Killed a purple draconian
   905 | D        | Killed a green draconian
   905 | D        | Killed a black draconian
   905 | D        | Killed a black draconian
   905 | D        | Killed a red draconian scorcher
   905 | D        | Killed a white draconian
   905 | D        | Killed a white draconian
   905 | D        | Killed a purple draconian
   905 | D        | Killed a purple draconian
   905 | D        | Killed a black draconian
   905 | D        | Killed a purple draconian
   905 | D        | Killed a green draconian
   905 | D        | Killed a green draconian
   905 | D        | Killed a black draconian
   905 | D        | Killed a red draconian
   905 | D        | Killed a red draconian
   905 | D        | Killed a purple draconian
   905 | D        | Killed a black draconian
   906 | D        | Reached XP level 14. HP: 76/136 MP: 21/31
   906 | D        | Found the +7 Spriggan's Knife {stab, EV+4 Stlth+}
   907 | D        | Found a transporter.
   992 | D        | Entered arena 20.
   996 | D        | Noticed a nargun
   996 | D        | Noticed a frost giant
   997 | D        | Noticed an azure jelly
   998 | D        | Killed an azure jelly
   998 | D        | Killed a nargun
   998 | D        | Killed a frost giant
  1000 | D        | Found a transporter.
  1012 | D        | Got the ring of Hawyur {rCorr Str+5 Int-5}
  1050 | D        | Entered arena 21.
  1052 | D        | Noticed a shard shrike
  1053 | D        | Noticed a shard shrike
  1054 | D        | a shard shrike changed into a titan
  1054 | D        | Noticed a titan (glowing shapeshifter)
  1055 | D        | Noticed a rockslime
  1055 | D        | Noticed a golden dragon
  1055 | D        | Noticed a rockslime
  1055 | D        | Identified the +6 orcbow of Floods {drain, rN+ rCorr Int-2
                  | Dex+6}
  1056 | D        | Killed a rockslime
  1056 | D        | Killed a golden dragon
  1056 | D        | Killed a rockslime
  1056 | D        | a shard shrike changed into a titan
  1056 | D        | Noticed a titan (glowing shapeshifter)
  1057 | D        | Reached skill level 15 in Axes
  1057 | D        | Reached skill level 27 in Invocations
  1057 | D        | Noticed a juggernaut
  1058 | D        | a titan changed into a juggernaut
  1058 | D        | Noticed a juggernaut (glowing shapeshifter)
  1062 | D        | a juggernaut changed into an iron dragon
  1062 | D        | Noticed an iron dragon (glowing shapeshifter)
  1062 | D        | a titan changed into an alligator snapping turtle
  1063 | D        | an iron dragon changed into a golden dragon
  1063 | D        | Noticed a golden dragon (glowing shapeshifter)
  1065 | D        | a golden dragon changed into an iron giant
  1065 | D        | Noticed an iron giant (glowing shapeshifter)
  1068 | D        | an iron giant changed into a juggernaut
  1068 | D        | Noticed a juggernaut (glowing shapeshifter)
  1068 | D        | a juggernaut changed into a caustic shrike
  1068 | D        | Noticed a caustic shrike (glowing shapeshifter)
  1069 | D        | Reached skill level 15 in Armour
  1069 | D        | Killed a caustic shrike
  1070 | D        | Gained mutation: You have hooves in place of feet. [demonic
                  | ancestry]
  1070 | D        | Reached XP level 15. HP: 148/148 MP: 25/32
  1070 | D        | Found the +5 Lochaber axe {reach-cleave, Poleaxe Drain}
  1071 | D        | a juggernaut changed into a shard shrike
  1071 | D        | Noticed a shard shrike (glowing shapeshifter)
  1072 | D        | a shard shrike changed into a rockslime
  1072 | D        | Noticed a rockslime (glowing shapeshifter)
  1074 | D        | Killed a rockslime
  1075 | D        | Reached skill level 15 in Dodging
  1075 | D        | Found a transporter.
  1084 | D        | Got the ring "Epouq" {EV+5 Int+3}
  1086 | D        | Got the ring of Mehuwigg {MP+9 Int+5 Dex+3}
  1165 | D        | Entered arena 22.
  1169 | D        | Identified the +6 dagger "Wikonus" {speed, Int+3}
  1170 | D        | Identified the +4 long sword of Disembowelment {pain,
                  | Will+}
  1170 | D        | Identified the +4 bardiche of Puckaup {vamp, rF+ Dex+3}
  1172 | D        | Reached skill level 15 in Shields
  1173 | D        | Found a transporter.
  1192 | D        | Got the ring "Goullutt" {rPois Dex+6}
  1212 | D        | Got Dispater's Lessons on Leadership
  1265 | D        | Entered arena 23.
  1270 | D        | Noticed an acid blob
  1270 | D        | Noticed an azure jelly
  1270 | D        | Noticed an azure jelly
  1270 | D        | Noticed an acid blob
  1270 | D        | Noticed an azure jelly
  1271 | D        | Noticed a rockslime
  1271 | D        | Noticed a rockslime
  1271 | D        | Found the +5 demon whip "Spellbinder" {antimagic, disrupt,
                  | Will+}
  1271 | D        | Noticed an acid blob
  1271 | D        | Noticed a rockslime
  1272 | D        | Killed a rockslime
  1272 | D        | Killed a rockslime
  1272 | D        | Killed an acid blob
  1272 | D        | Killed a rockslime
  1272 | D        | Killed an azure jelly
  1272 | D        | Killed an azure jelly
  1272 | D        | Killed an azure jelly
  1272 | D        | Killed an acid blob
  1272 | D        | Killed an acid blob
  1273 | D        | Killed an acid blob
  1273 | D        | Killed an azure jelly
  1274 | D        | Noticed a rockslime
  1274 | D        | Found the macabre finger necklace {Finger+ rN+}
  1274 | D        | Noticed an acid blob
  1276 | D        | Found a transporter.
  1279 | D        | Killed a rockslime
  1280 | D        | Killed an acid blob
  1292 | D        | Got the Codex of the Vexing Gang
  1296 | D        | Got Ifonod's Treatise on Darkness
  1329 | D        | Entered arena 24.
  1333 | D        | Noticed an electric golem
  1334 | D        | Noticed a titan
  1334 | D        | Noticed an electric golem
  1334 | D        | Noticed a storm dragon
  1334 | D        | Noticed a storm dragon
  1334 | D        | Noticed a storm dragon
  1334 | D        | Noticed an electric golem
  1334 | D        | Paralysed by an air elemental for 1 turns
  1334 | D        | Noticed an electric golem
  1334 | D        | Noticed a storm dragon
  1334 | D        | Noticed an electric golem
  1335 | D        | Killed an electric golem
  1335 | D        | Killed an electric golem
  1335 | D        | Killed a storm dragon
  1335 | D        | Killed a storm dragon
  1335 | D        | Killed a storm dragon
  1335 | D        | Killed an electric golem
  1335 | D        | Noticed an electric golem
  1335 | D        | Noticed a storm dragon
  1335 | D        | Noticed a storm dragon
  1336 | D        | Gained mutation: You have a pair of antennae on your head.
                  | [demonic ancestry]
  1336 | D        | Reached XP level 16. HP: 134/164 MP: 22/33
  1336 | D        | Noticed a storm dragon
  1336 | D        | Noticed a titan
  1336 | D        | Noticed a titan
  1336 | D        | Noticed a storm dragon
  1336 | D        | Noticed an electric golem
  1337 | D        | Killed a titan
  1337 | D        | Killed an electric golem
  1337 | D        | Killed an electric golem
  1337 | D        | Killed a storm dragon
  1337 | D        | Killed a titan
  1337 | D        | Killed a titan
  1337 | D        | Killed an electric golem
  1337 | D        | Killed a storm dragon
  1337 | D        | Killed an electric golem
  1337 | D        | Killed a titan
  1337 | D        | Killed a storm dragon
  1337 | D        | Killed a storm dragon
  1337 | D        | Killed a storm dragon
  1337 | D        | Killed a storm dragon
  1338 | D        | Reached skill level 27 in Fighting
  1338 | D        | Noticed a titan
  1339 | D        | Noticed a storm dragon
  1340 | D        | Identified the +11 whip "Zysu Oren" {pain, rF+ Int+6}
  1341 | D        | Killed an electric golem
  1341 | D        | Killed a storm dragon
  1342 | D        | Noticed a titan
  1343 | D        | Found the +3 giant club "Skullcrusher" {speed, Str+7}
  1344 | D        | Found a transporter.
  1348 | D        | Killed a titan
  1351 | D        | Killed a titan
  1357 | D        | Got the +0 pair of gloves "Joten" {Str+7}
  1377 | D        | Got the Anthology of Algid Transition
  1471 | D        | Entered arena 25.
  1476 | D        | Noticed a deep elf blademaster
  1477 | D        | Noticed a deep elf master archer
  1477 | D        | Identified the +8 battleaxe "Zonwaim" {protect, Int+2
                  | Dex+2}
  1478 | D        | Identified the ring of Seaxohom {rC+ Will+ rCorr}
  1478 | D        | Noticed a deep elf master archer
  1478 | D        | Noticed a deep elf master archer
  1478 | D        | Noticed a deep elf master archer
  1478 | D        | Noticed a deep elf blademaster
  1478 | D        | Noticed a deep elf blademaster
  1478 | D        | Noticed a deep elf master archer
  1478 | D        | Noticed a deep elf master archer
  1479 | D        | Identified the ring of Tayb {rF+ Dex+3}
  1479 | D        | Noticed a deep elf master archer
  1480 | D        | Noticed a deep elf master archer
  1480 | D        | Killed a deep elf master archer
  1480 | D        | Killed a deep elf master archer
  1480 | D        | Killed a deep elf master archer
  1480 | D        | Killed a deep elf master archer
  1481 | D        | Killed a deep elf master archer
  1481 | D        | Killed a deep elf blademaster
  1481 | D        | Killed a deep elf blademaster
  1481 | D        | Killed a deep elf master archer
  1481 | D        | Killed a deep elf master archer
  1481 | D        | Killed a deep elf master archer
  1482 | D        | Gained mutation: Your touch may irresistibly damage your
                  | foes and sap their willpower. [demonic ancestry]
  1482 | D        | Reached XP level 17. HP: 174/174 MP: 17/34
  1482 | D        | Killed a deep elf blademaster
  1486 | D        | Found a transporter.
  1557 | D        | Entered arena 26.
  1565 | D        | Noticed a titan
  1565 | D        | Noticed a titan
  1565 | D        | Noticed a titan
  1566 | D        | Noticed a titan
  1566 | D        | Identified the ring of Yfeolo {Drain rPois rF+ rN+ Stlth+}
  1566 | D        | Noticed a titan
  1567 | D        | Killed a titan
  1567 | D        | Killed a titan
  1567 | D        | Killed a titan
  1567 | D        | Killed a titan
  1568 | D        | Identified the ring of Optimism {Str+6 Dex+5}
  1571 | D        | Noticed a titan
  1571 | D        | Killed a titan
  1573 | D        | Found a transporter.
  1577 | D        | Killed a titan
  1582 | D        | Gained mutation: Your presence sometimes corrodes those you
                  | injure. [demonic ancestry]
  1582 | D        | Reached XP level 18. HP: 151/182 MP: 21/35
  1603 | D        | Got Rodask's Anthology of the Wind and Silt
  1715 | D        | Entered arena 27.
  1724 | D        | Found the +2 Maxwell's thermic engine {flame, freeze, rev}
  1724 | D        | Identified the +3 leather armour of Enicwar {Harm Rampage
                  | rElec rPois}
  1724 | D        | Identified the +1 morningstar of Scorn {pain, *Corrode
                  | Str+2 Dex+3}
  1725 | D        | Found the +5 glaive of the Guard {elec, spectral, AC+5}
  1730 | D        | Found a transporter.
  1796 | D        | Got the Tractate on Ashes
  1826 | D        | Got the ring "Tuxutti" {Int+4 Dex+4 Slay+4 Stlth+}
  1830 | D        | Got the Cyclopedia of the Horrible Blizzard
  1996 | D        | Entered arena 28.
  2004 | D        | Noticed a hellephant
  2004 | D        | Noticed a hellephant
  2005 | D        | Noticed a Brimstone Fiend
  2005 | D        | Noticed a hellephant
  2005 | D        | Noticed a hellephant
  2005 | D        | Noticed a Brimstone Fiend
  2005 | D        | Noticed a hellephant
  2006 | D        | Killed a Brimstone Fiend
  2006 | D        | Killed a hellephant
  2006 | D        | Killed a hellephant
  2006 | D        | Killed a Brimstone Fiend
  2007 | D        | Reached skill level 27 in Axes
  2007 | D        | Gained mutation: A meltable shield of frost defends you.
                  | (SH +4) [demonic ancestry]
  2007 | D        | Reached XP level 19. HP: 158/189 MP: 27/36
  2007 | D        | Noticed a hellephant
  2007 | D        | Noticed a hellephant
  2007 | D        | Found the crystal ball of Wucad Mu {*channel}
  2007 | D        | Identified the +9 spear of the Valley of Death {flame,
                  | rElec MP+9}
  2007 | D        | Noticed a Brimstone Fiend
  2007 | D        | Noticed a hellephant
  2007 | D        | Noticed a hellephant
  2008 | D        | Killed a hellephant
  2008 | D        | Killed a hellephant
  2008 | D        | Killed a hellephant
  2008 | D        | Killed a hellephant
  2008 | D        | Killed a hellephant
  2008 | D        | Noticed a hellephant
  2009 | D        | Reached skill level 27 in Armour
  2009 | D        | Reached skill level 27 in Dodging
  2009 | D        | Reached skill level 27 in Shields
  2009 | D        | Killed a hellephant
  2009 | D        | Killed a hellephant
  2009 | D        | Killed a Brimstone Fiend
  2010 | D        | Reached skill level 15 in Shapeshifting
  2012 | D        | Noticed a hellephant
  2013 | D        | Found a transporter.
  2016 | D        | Killed a hellephant
  2037 | D        | Killed a hellephant
  3940 | D        | Got the Orb of Zot
  4821 | D        | Noticed Nirup the pandemonium lord
  4831 | D        | Killed Nirup the pandemonium lord
  5343 | D        | Noticed a Brimstone Fiend
  5352 | D        | Killed a Brimstone Fiend
  6063 | D        | Noticed a Brimstone Fiend
  6071 | D        | Killed a Brimstone Fiend
  6932 | D        | Gained mutation: You have a pair of large antennae on your
                  | head. (SInv) [demonic ancestry]
  6932 | D        | Reached XP level 20. HP: 197/197 MP: 37/37
  8761 | D        | Noticed Luschel the pandemonium lord
  8777 | D        | Killed Luschel the pandemonium lord
  8925 | D        | Gained mutation: Your spells are a little easier to cast,
                  | but a little less powerful. [a cacodemon]
  8946 | D        | Escaped with the Orb!

Illustrated notes

Levels and vault maps discovered:
D:        sprint_v [room_start, room_1, room_2, room_3, room_4, room_5, room_6,
          room_7, room_8, room_9, room_10, room_11, room_12, room_13, room_14,
          room_15, room_16, room_17, room_18, room_19, room_20, room_21,
          room_22, room_23, room_24, room_25, room_26, room_27]

Skill      XL: |  1  2  3  4  5  6  7  8  9 10 11 12 13 14 15 16 17 18 19 20 |
---------------+-------------------------------------------------------------+-----
Fighting       | 5 6 7 9 10 11 12 14 16 17 20 22 26 27 | 27.0
Invocations    | 7 8 10 12 13 14 16 18 20 22 26 27 | 27.0
Axes           | 3 4 5 6 8 9 10 12 14 15 17 21 24 27 | 27.0
Armour         | 1 2 3 4 5 6 7 8 10 11 13 15 17 21 23 26 27 | 27.0
Dodging        | 3 4 5 6 7 9 10 11 13 14 17 21 23 26 27 | 27.0
Shields        | 1 2 3 4 5 7 8 10 11 13 14 17 20 23 26 27 | 27.0
Shapeshifting  | 7 24 26 | 26.4

Action                     |  1- 3 |  4- 6 |  7- 9 | 10-12 | 13-15 | 16-18 | 19-21 || total
---------------------------+-------+-------+-------+-------+-------+-------+-------++-------
  Melee: Broad axe         |     1 |     8 |    10 |    39 |    63 |    18 |   214 ||   353
         Kick              |     1 |     1 |     2 |    17 |    24 |     6 |   102 ||   153
 Invoke: Disaster Area     |       |       |     1 |     4 |    11 |     8 |     4 ||    28
         Elemental Force   |       |       |       |       |     1 |       |       ||     1
    Use: Potion            |     1 |       |       |     1 |     1 |     6 |     5 ||    14
         Scroll            |       |       |       |       |     7 |       |       ||     7
   Stab: Distracted        |       |       |       |     1 |       |       |     4 ||     5
 Armour: Gold dragon scale |       |       |     3 |    24 |    18 |     5 |    28 ||    78
  Dodge: Dodged            |       |       |       |     3 |     3 |    12 |    30 ||    48
         Repelled          |       |       |       |       |     2 |       |     2 ||     4
  Block: Kite shield       |     2 |     9 |    31 |    70 |   104 |    25 |   254 ||   495

Table legend: (Time is in decaauts)
 A = Elapsed time spent in this place.
 B = Non-inter-level travel time spent in this place.
 C = Inter-level travel time spent in this place.
 D = Time resting spent in this place.
 E = Time spent auto-exploring this place.
 F = Levels seen in this place.
 G = Mean time per level.
                   A        B        C        D        E       F      G
               +--------+--------+--------+--------+--------+-----+--------+
         Total |   8844 |   8818 |     26 |   6643 |    315 |   1 | 8844.0 |
       Dungeon |   8844 |   8818 |     26 |   6643 |    315 |   1 | 8844.0 |
               +--------+--------+--------+--------+--------+-----+--------+

Top non-repeatable levels by time:
       D: 8844 daAuts
